AoeStats
← LuciSashiK

Arabia

509161346Analyzed
2v2 RM · 5d ago on Sep 25, 2026· 33m 48s· 4 players
Game mode
Random Map
Map size
Medium (4 player)
Population
200
Speed
Normal
Resources
Standard
Victory
Conquest
Starting age
Dark Age
Ending age
Imperial Age
RankedLock teamsTeams togetherTeam positionsShared explorationLock speedFull tech treeHidden civsTurbo modeCheats
Victory
Defeat
🇫🇷 Britons · France
729
+15
🇪🇸 Dravidians · Spain
670
+22
🇨🇴 Japanese · Colombia
741
-18
🇮🇳 Teutons · India
674
-15
herino.martin
10:00 Feudal Age
10:34 Double-Bit Axe
10:41 Horse Collar
13:32 Fletching
13:44 Padded Archer Armor
15:39 Gold Mining
16:20 Stone Mining
23:58 Castle Age
24:22 Crossbowman
25:04 Bodkin Arrow
26:36 Leather Archer Armor
30:00 Bow Saw
TitoLoco107
5:44 Loom
11:54 Feudal Age
12:20 Double-Bit Axe
13:48 Horse Collar
15:55 Wheelbarrow
16:21 Gold Mining
16:49 Scale Barding Armor
20:30 Town Watch
21:21 Stone Mining
23:32 Forging
26:33 Castle Age
28:38 Hand Cart
28:52 Chain Barding Armor
28:41 Husbandry
33:33 Heavy Plow
33:48 Bow Saw
NikolastrA
5:01 Loom
12:24 Feudal Age
13:46 Double-Bit Axe
13:48 Horse Collar
15:42 Wheelbarrow
14:57 Town Watch
16:37 Gold Mining
22:33 Castle Age
20:28 Stone Mining
20:44 Man-at-Arms
25:00 Gold Shaft Mining
24:51 Elite Skirmisher
25:40 Pikeman
26:21 Squires
30:29 Fletching
30:40 Padded Archer Armor
31:11 Bodkin Arrow
LuciSashiK
4:08 Loom
15:29 Feudal Age
18:39 Man-at-Arms
31:34 Arson
Connection lost

Rejoining the realm…

Still unreachable

The connection could not be restored.

Session expired

The server has moved on; the page needs a fresh start.